Cogmind - Beta 11.1 @@@ ROGUE MODE // 2022.04.24 @ 00:54:55 Player: Infomantis Result: Self-destructed Performance ------------- Evolutions (3) 1500 Regions Visited (5) 1000 Robots Destroyed (41) 205 Value Destroyed (890) 890 Prototype IDs (1) 20 Alien Tech Used (0) 0 Bonus (0) 0 TOTAL SCORE: 3615 Bonus ------- None Cogmind --------- Core Integrity 625/700 Matter 222/300 Energy 98/100 System Corruption 0% Temperature Cool (0) Movement Core (50) Location -7/Factory Parts ------- > --- POWER (1) -------- (None) > --- PROPULSION (3) --- (None) > --- UTILITY (7) ------ Advanced Weight Redist. System Machine Analyzer Improved Terrain Scan Processor > --- WEAPON (2) ------- Assault Cannon > --- INVENTORY (5) ---- Micro Nuclear Core Armored Wheel Compact Battery (200) Transmission Jammer Peak State ------------ > --- POWER ------------ Light Angular Momentum Engine > --- PROPULSION ------- Aluminum Leg Wheel Armored Wheel > --- UTILITY ---------- Improved Heat Sink Small Storage Unit Machine Analyzer Seismic Detector Hacking Suite > --- WEAPON ----------- Beamcaster Advanced Beam Cannon > --- INVENTORY -------- Wheel Armored Wheel Improved Heat Sink Improved Sensor Array EM Pulse Gun Grenade Launcher [Rating: 29] Favorites ----------- Power Ion Engine Engine Ion Engine Power Core Micro Nuclear Core Propulsion Aluminum Leg Leg Aluminum Leg Wheel Wheel Hover Unit Gravmag System Utility Small Storage Unit Device Seismic Detector Storage Small Storage Unit Processor Machine Analyzer Hackware Hacking Suite Protection Light Armor Plating Weapon Advanced Beam Cannon Energy Gun Particle Gun Energy Cannon Advanced Beam Cannon Ballistic Gun Light Assault Rifle Ballistic Cannon Assault Cannon Launcher Grenade Launcher Build | -11 -10 -10 -9 -8 -7 ------- Run | Scr Mat Min Mat Mat Fac Slots Evolved 6 | . . . 2 2 2 Power . | . . . . . . Propulsion 1 | . . . 1 . . Utility 5 | . . . 1 2 2 Weapon . | . . . . . . Parts Attached 48 | 7 7 5 12 11 6 Power 6 | 1 1 2 1 1 . Engine 5 | 1 1 2 1 . . Core 1 | . . . . 1 . Reactor . | . . . . . . Propulsion 12 | 2 2 . 5 2 1 Treads . | . . . . . . Leg 6 | 2 2 . 2 . . Wheel 5 | . . . 3 2 . Hover 1 | . . . . . 1 Flight . | . . . . . . Utility 14 | 2 1 1 3 5 2 Device 9 | 1 1 1 3 2 1 Storage 1 | 1 . . . . . Processor 2 | . . . . 1 1 Hackware 1 | . . . . 1 . Protection 1 | . . . . 1 . Artifact . | . . . . . . Weapon 16 | 2 3 2 3 3 3 Energy Gun 7 | 1 2 1 2 1 . Energy Cannon 2 | . 1 . . 1 . Ballistic Gun 1 | 1 . . . . . Ballistic Cannon 2 | . . . . . 2 Launcher 4 | . . 1 1 1 1 Special Weapon . | . . . . . . Impact Weapon . | . . . . . . Slashing Weapon . | . . . . . . Piercing Weapon . | . . . . . . Special Melee Weapon . | . . . . . . Unidentified Prototypes 1 | . 1 . . . . Corrupted Parts 1 | . . 1 . . . System Corruption 7 | . . 7 . . . Parts Lost 18 | . 1 . 2 10 5 Power 3 | . 1 . . 1 1 Propulsion 3 | . . . 1 1 1 Utility 8 | . . . 1 5 2 Weapon 4 | . . . . 3 1 Highest Loss Streak 10 | . 1 . 1 10 3 To Critical Strikes . | . . . . . . Average Slot Usage (%) 94 | . 99 100 97 91 52 Engine 11 | . 13 14 11 6 . Leg 18 | . 28 28 11 9 2 Wheel 8 | . . . 19 18 6 Device 16 | . 14 14 21 17 11 Storage 11 | . 14 14 11 8 . Processor 2 | . . . . 9 12 Energy Gun 11 | . 14 14 10 6 . Energy Cannon 9 | . 9 14 11 5 . Ballistic Gun 1 | . 4 . . . . Naked Turns . | . . . . . . Heaviest Build 25 | 11 19 19 25 25 12 Greatest Support 26 | 20 20 20 26 24 24 Greatest Overweight (x) 1 | . . . 1 1 . Average Overweight (x) . | . . . . . . Largest Inventory Capacity 8 | 8 8 8 8 8 5 Average Capacity 7 | 7 8 8 8 7 5 Most Carried 8 | 8 8 8 8 8 5 Average Carried 7 | 4 7 7 7 7 4 Final Capacity 8 | 8 8 8 8 5 5 Final Carried 8 | 8 8 8 8 5 4 Class Distribution -------------------- 61% | Scavenger-Mutant 38% | Mutant Dominant Class ---------------- Mutant | -10/Materials Scavenger-Mutant | -10/Mines Scavenger-Mutant | -9/Materials Scavenger-Mutant | -8/Materials Mutant | -7/Factory Resources | -11 -10 -10 -9 -8 -7 ----------- Run | Scr Mat Min Mat Mat Fac Matter Collected 642 | 281 70 40 155 84 12 Remotely . | . . . . . . Salvage Created 1005 | 78 345 92 369 109 12 Parts 78 | 12 22 15 23 6 . Haulers Intercepted . | . . . . . . Recyclers Shooed 1 | . . . . 1 . Parts Field Recycled . | . . . . . . Retrieved Matter . | . . . . . . Parts Self-Destructed . | . . . . . . Prevented . | . . . . . . Kills | -11 -10 -10 -9 -8 -7 ------- Run | Scr Mat Min Mat Mat Fac Combat Hostiles Destroyed 31 | . 10 8 10 2 1 Guns 13 | . 6 4 1 2 . Cannons 13 | . 3 2 7 . 1 AOE 3 | . . 2 1 . . Classes Destroyed 8 | 1 3 . 4 . . Worker 2 | . . . 2 . . Tunneler 4 | 4 . . . . . Mechanic 1 | . . . 1 . . Operator 1 | . . . 1 . . Watcher 2 | . 1 . 1 . . Swarmer 15 | . 3 8 3 . 1 Grunt 14 | . 7 . 6 1 . Sentry 2 | . . . 1 1 . Best Kill Streak 4 | 3 3 3 4 2 1 Combat Bots Only 3 | . 3 3 3 2 1 Max Kills in Single Turn 2 | 1 1 2 2 1 1 Gunslinging . | . . . . . . Exploded 2 | . . 2 1 . . Melee . | . . . . . . Uniques/NPCs Destroyed . | . . . . . . Combat | -11 -10 -10 -9 -8 -7 -------- Run | Scr Mat Min Mat Mat Fac Damage Taken 2138 | . 392 174 347 963 262 Core 394 | . 54 24 49 192 75 Absorbed by Shields . | . . . . . . Core Remaining (%) 80 | 100 . 68 87 65 . Volleys Fired 94 | 11 23 12 30 13 5 Largest 2 | 2 2 2 2 2 1 Hottest 143 | 60 133 133 143 143 44 Shots Fired 180 | 22 46 23 59 25 5 Gun 100 | 22 28 11 27 12 . Cannon 76 | . 18 11 30 13 4 Launcher 4 | . . 1 2 . 1 Special . | . . . . . . Kinetic 20 | 11 5 . . . 4 Thermal 156 | 11 41 22 57 25 . Explosive 4 | . . 1 2 . 1 Electromagnetic . | . . . . . . Robot Hit Streak 11 | 3 11 5 11 4 5 Robot Miss Streak 4 | 2 4 4 3 3 2 Penetration Max . | . . . . . . Secondary Targets . | . . . . . . Shots Hit Robots 99 | 13 25 9 37 13 2 Core Hits 52 | 5 13 8 20 4 2 Critical Kills . | . . . . . . Critical Parts Destroyed 1 | 1 . . . . . Critical Strikes 5 | 1 1 . 2 1 . Burn 4 | . 1 . 2 1 . Destroy 1 | 1 . . . . . Melee Attacks . | . . . . . . Impact . | . . . . . . Slashing . | . . . . . . Piercing . | . . . . . . Sneak Attacks . | . . . . . . Combat Hostiles . | . . . . . . Follow-up Attacks . | . . . . . . Damage Inflicted 2113 | 125 423 286 881 267 131 Guns 812 | 125 215 97 273 102 . Cannons 878 | . 208 62 390 165 53 Explosions 423 | . . 127 218 . 78 Melee . | . . . . . . Ramming . | . . . . . . Kinetic 125 | 49 23 . . . 53 Thermal 1565 | 76 400 159 663 267 . Explosive 423 | . . 127 218 . 78 Electromagnetic . | . . . . . . Impact . | . . . . . . Slashing . | . . . . . . Piercing . | . . . . . . Highest Corruption 7 | . . 7 . . . Average Corruption 7 | . . 7 . . . Corruption Purged . | . . . . . . Corruption Blocked . | . . . . . . Effects 1 | . . 1 . . . Data Loss (major) 1 | . . 1 . . . Overload Shots . | . . . . . . Overflow Damage 13 | . . . 9 . 4 Projectiles 9 | . . . 9 . . Explosions 4 | . . . . . 4 Melee . | . . . . . . Knockbacks 1 | . . . . . 1 Impact . | . . . . . . Kinetic 1 | . . . . . 1 Secondary . | . . . . . . Self-Inflicted Damage 38 | . . . . . 38 Shots 1 | . . . . . 1 Rammed 1 | . . . . 1 . Targets Rammed 1 | . . . . 1 . Kicked . | . . . . . . Crushed . | . . . . . . Highest Temperature 348 | 40 348 30 144 146 . Average Temperature 70 | 17 122 13 44 65 . Received Heat Transfer 567 | . 189 . 144 234 . Effects 1 | . 1 . . . . Energy Bleed 1 | . 1 . . . . Siege Activations . | . . . . . . Robots Corrupted . | . . . . . . Combat Hostiles . | . . . . . . Parts Fried . | . . . . . . Impact Corruptions . | . . . . . . Robots Melted 2 | . 1 . 1 . . Combat Hostiles 2 | . 1 . 1 . . Parts Melted 6 | . 2 1 3 . . Heat Transferred 3468 | 175 925 333 1480 555 . Parts Sabotaged . | . . . . . . Parts Stolen . | . . . . . . Parts Stripped . | . . . . . . Power Chain Reactions . | . . . . . . Missiles Intercepted . | . . . . . . Alert | -11 -10 -10 -9 -8 -7 ------- Run | Scr Mat Min Mat Mat Fac Peak Influence 360 | 20 360 294 312 207 79 Initial 114 | . 13 62 114 107 48 Average 159 | 10 138 246 190 141 53 Maximum Alert Level 1 | . 1 1 1 1 . Low Security (%) 62 | 100 64 23 55 95 100 Level 1 37 | . 35 76 44 4 . Level 2 . | . . . . . . Level 3 . | . . . . . . Level 4 . | . . . . . . Level 5 . | . . . . . . High Security . | . . . . . . Max Security . | . . . . . . Squads Dispatched 9 | . 5 . 2 1 1 Investigation 6 | . 4 . 1 1 . Extermination . | . . . . . . Reinforcement 3 | . 1 . 1 . 1 Assault . | . . . . . . Garrison . | . . . . . . Intercept . | . . . . . . Searches Triggered . | . . . . . . Construction Impeded 1 | . . . . . 1 Haulers Reinforced . | . . . . . . Active Scanning Responses . | . . . . . . Cargo Convoy Interrupts . | . . . . . . Stealth | -11 -10 -10 -9 -8 -7 --------- Run | Scr Mat Min Mat Mat Fac Distress Signals 3 | . 2 . . 1 . Communications Jammed . | . . . . . . Distress Signals . | . . . . . . Times Spotted 59 | . 15 9 18 14 3 Peak Tracking Total 12 | . 5 3 5 12 3 Tactical Retreats 1 | . . . 1 . . Traps | -11 -10 -10 -9 -8 -7 ------- Run | Scr Mat Min Mat Mat Fac Traps Triggered 4 | . 2 . 1 . 1 Indirectly . | . . . . . . Trap Hack Attempts . | . . . . . . Triggered . | . . . . . . Disarmed . | . . . . . . Reprogrammed . | . . . . . . Reused . | . . . . . . Traps Extracted . | . . . . . . Installed . | . . . . . . Triggered . | . . . . . . Machines | -11 -10 -10 -9 -8 -7 ---------- Run | Scr Mat Min Mat Mat Fac Machines Disabled 4 | . 1 . 1 . 2 Max in Single Turn 2 | . 1 . 1 . 2 Machines Sabotaged . | . . . . . . Garrisons Compromised . | . . . . . . Overloaded Fab Kills . | . . . . . . Hacking | -11 -10 -10 -9 -8 -7 --------- Run | Scr Mat Min Mat Mat Fac Machines Accessed 15 | . 4 2 4 4 1 Terminals 12 | . 3 1 4 3 1 Fabricators . | . . . . . . Repair Stations . | . . . . . . Recycling Units 2 | . 1 . . 1 . Scanalyzers . | . . . . . . Garrison Access . | . . . . . . Total Hacks 41 | . 11 6 10 13 1 Successful 18 | . 5 2 5 6 . Failed 23 | . 6 4 5 7 1 Catastrophic 4 | . 1 . . 2 1 Database Lockouts . | . . . . . . Manual 31 | . 8 5 8 9 1 Terminals 37 | . 10 5 10 11 1 Fabricators . | . . . . . . Repair Stations . | . . . . . . Recycling Units 3 | . 1 . . 2 . Scanalyzers . | . . . . . . Garrison Access . | . . . . . . Terminal Hacks 12 | . 3 2 3 4 . Part Schematic 2 | . . 1 . 1 . Robot Analysis 2 | . 1 . 1 . . Open Door 1 | . . 1 . . . Emergency Access Points 1 | . . . . 1 . Terminal Index 3 | . 1 . 1 1 . Patrol Status 1 | . . . . 1 . Zone Layout 2 | . 1 . 1 . . Fabricator Hacks . | . . . . . . Repair Station Hacks . | . . . . . . Recycling Unit Hacks . | . . . . . . Scanalyzer . | . . . . . . Garrison Access Hacks . | . . . . . . Unauthorized Hacks 6 | . 2 . 2 2 . Terminals 4 | . 1 . 2 1 . Botnet 2 | . . . 1 1 . Operators 2 | . 1 . 1 . . Fabricators . | . . . . . . Repair Stations . | . . . . . . Recycling Units 2 | . 1 . . 1 . Recyclers 1 | . . . . 1 . Tunnel 1 | . 1 . . . . Scanalyzers . | . . . . . . Garrison Access . | . . . . . . Data Cores Recovered . | . . . . . . Used . | . . . . . . Hacking Detections 12 | . 3 1 3 4 1 Full Trace Events 5 | . 2 1 . 2 . Feedback Events . | . . . . . . Feedback Blocked . | . . . . . . Robot Schematics Acquired . | . . . . . . Robots Built . | . . . . . . Authchips . | . . . . . . Time . | . . . . . . Total Robot Build Rating . | . . . . . . Part Schematics Acquired 2 | . . 1 . 1 . Parts Built . | . . . . . . Authchips . | . . . . . . Time . | . . . . . . Total Part Build Rating . | . . . . . . Parts Repaired . | . . . . . . Time . | . . . . . . Parts Recycled . | . . . . . . Recycled Matter . | . . . . . . Retrieved Matter . | . . . . . . Retrieved Components . | . . . . . . Parts Scanalyzed . | . . . . . . Part Schematics Acquired . | . . . . . . Parts Damaged . | . . . . . . Bothacking | -11 -10 -10 -9 -8 -7 ------------ Run | Scr Mat Min Mat Mat Fac Used RIF Installer . | . . . . . . Robots Hacked . | . . . . . . Non-combat . | . . . . . . Combat . | . . . . . . Robot Hacks Applied . | . . . . . . Relay Couplers Released . | . . . . . . Fabnet Peak Effective % . | . . . . . . Robots Rewired . | . . . . . . Allies Hacked . | . . . . . . Hacks Repelled . | . . . . . . Allies | -11 -10 -10 -9 -8 -7 -------- Run | Scr Mat Min Mat Mat Fac Total Allies . | . . . . . . Largest Group . | . . . . . . Highest-Rated Group . | . . . . . . Highest-Rated Ally . | . . . . . . Total Orders . | . . . . . . Ally Attacks . | . . . . . . Total Damage . | . . . . . . Kills . | . . . . . . Allies Corrupted . | . . . . . . Allies Melted . | . . . . . . Intel | -11 -10 -10 -9 -8 -7 ------- Run | Scr Mat Min Mat Mat Fac Robot Analysis Total 2 | . 1 . 1 . . Derelict Logs Recovered 1 | . . 1 . . . Drone Launches . | . . . . . . Drone Recoveries . | . . . . . . Exploration | -11 -10 -10 -9 -8 -7 ------------- Run | Scr Mat Min Mat Mat Fac Turns Passed 1817 | 177 400 398 509 221 112 Spaces Moved 1343 | 107 256 296 406 170 108 Core 5 | 5 . . . . . Treads . | . . . . . . Legs 684 | 102 256 296 30 . . Wheels 592 | . . . 376 170 46 Hover 62 | . . . . . 62 Flight . | . . . . . . Fastest Speed 50 | 50 120 120 85 85 60 Average Speed 104 | 116 120 120 93 94 72 Slowest Speed 190 | 120 120 120 190 105 90 Overloaded Moves . | . . . . . . Propulsion Burnouts . | . . . . . . Robots Hopped . | . . . . . . Cave-ins Triggered . | . . . . . . Exploration Rate (%) 28 | 4 41 67 35 19 4 Regions Visited 5 Branch Regions 1 Pre-discovered Areas 2 | . 1 1 . . . Known Exits Taken . | . . . . . . Unknown Exits Taken 5 | 1 1 1 1 1 . Scrap Searched 1 | . . 1 . . . Spaces Dug . | . . . . . . Terrain Destroyed 11 | . . 10 . . 1 Melee . | . . . . . . Projectile 1 | . . . . . 1 AOE 10 | . . 10 . . . Terrain Rammed . | . . . . . . Walls Destroyed . | . . . . . . Machines Disabled . | . . . . . . Actions | -11 -10 -10 -9 -8 -7 --------- Run | Scr Mat Min Mat Mat Fac Total 1573 | 136 306 315 479 202 135 Wait 44 | 4 9 . 19 . 12 Move 1338 | 106 255 295 405 169 108 Hop . | . . . . . . Pick Up 26 | 8 4 1 6 6 1 Fast Attach 17 | 7 2 . . 4 4 Attach 11 | . 1 . 4 4 2 Detach . | . . . . . . Swap 20 | . 4 5 8 3 . Drop 22 | . 8 2 7 2 3 Fire 94 | 11 23 12 30 13 5 Melee . | . . . . . . Ram 1 | . . . . 1 . Kick . | . . . . . . Crush . | . . . . . . Escape Stasis . | . . . . . . Rewire . | . . . . . . Trap . | . . . . . . Miscellaneous . | . . . . . . Route ------- -11/Scrapyard -10/Materials (discovered 2 exits: *Mat / *Min) -10/Mines (discovered 2 exits: *Mat x2) -9/Materials -8/Materials -7/Factory History --------- Turn | Location | Event 23 | -11/Scrapyard | Discovered new exit (range 15) 178 | -11/Scrapyard | Entered Materials 302 | -10/Materials | Build established: Mutant 381 | -10/Materials | Discovered new exit (range 10) 506 | -10/Materials | Discovered new exit (range 11) 578 | -10/Materials | Entered Mines 635 | -10/Mines | Learned location of Mines (-9) 696 | -10/Mines | Discovered new exit (range 7) 798 | -10/Mines | Received a Rocket Launcher from a helpful Derelict 877 | -10/Mines | Met a Derelict who couldn't figure out how to use a Trap Extractor 904 | -10/Mines | Build established: Scavenger-Mutant 946 | -10/Mines | Discovered new exit (range 16) 976 | -10/Mines | Entered Materials 976 | -9/Materials | Evolved 2 slots: Propulsion x1, Utility x1 1471 | -9/Materials | Discovered new exit (range 8) 1485 | -9/Materials | Entered another Materials area 1485 | -8/Materials | Evolved 2 slots: Utility x2 1683 | -8/Materials | Discovered new exit (range 16) 1706 | -8/Materials | Entered Factory 1706 | -7/Factory | Evolved 2 slots: Utility x2 1722 | -7/Factory | Lost 10 parts (1p1n5u3w) 1818 | -7/Factory | Self-destructed Last Messages --------------- 01782_ Matter Pump disabled. 01782_ Destroyed VTOL Module. 01783_ ALERT: Construction progress impeded, dispatching reinforcements to local area. 01785_ R-06 Scavenger collects Arm. Wheel. 01785_ K-01 Serf collects debris. 01785_ U-05 Engineer lays Concrete. 01788_ K-01 Serf collects debris. 01789_ U-05 Engineer lays Concrete. 01801_ Acquired Assault Cannon. 01803_ S-27 Virus destroyed. 01807_ Acquired 12 matter. 01810_ Assault Cannon severed. 01812_ Acquired Assault Cannon. 01815_ K-01 Serf collects debris. 01816_ Destroyed VTOL Module. 01816_ S-27 Virus knocked back. 01816_ Gravmag System destroyed. 01816_ Imp. Heat Sink destroyed. 01816_ Mic. Nuclear Core destroyed. Map ----- +----------------------------------------------------+ | ?????????????????????????""""""""" # # | | ??????????????????????# + # | | ?????????????????????????""""""""" # + | | ????????????????"""???????? # # | | ????????????????"""??????""""""""" # # | | ????????????????"""????????? # # | | ???????????????????????????######### =# | | ????????????????????????????# =# | | ????????????????????????????# ######### | | ????????????????????????????# "" #???????? | | ????????????????????????????# "" """ #???????? | | ????????????????????????????# "T """ #???????? | | ????????????????????????????# "" " " #???????? | | ????????????????????????????# "" ######### | | ????????????????????????????# " | | ????????????????????????????# """ | | ????????????????????????????# """ | | ???????????????????########## | | ???????????????????# # | | ???????????????????#""" # ################ | | ???????????????????#""" # # """ """??????? | | ???????????????????#""" # # """ """??????? | | ???????????????????# # + """ """??????? | | ???????????????????#""" # # #????? | | ???????????????????#""" # # #????? | | ???????????????????#""" @ # #? #????? | | ???????????????????# l # #? #????? | | ??????????????????+#####;/### #?? #????? | | ??????????????# s #??########????? | | ??????????????# #??????????????? | | ??????????????# k #??????????????? | | ??????????????# #??????????????? | | ??????????????# #??????????????? | | ??????????????# u###############??????????????? | | ??????????????# ?????????????????????????????? | | ??????????????# ??????????????????????????????? | | ??????????????# ???????????????????????????????? | | ??????????????# ???????????????????????????????? | | ??????????????# ????????????????????????????????? | | ??????????????? ?????????????????????????????????? | | ?????????????????????????????????????????????????? | | ?????????????????????????????????????????????????? | | ??????????????T??????????????????????????????????? | | ?????????????????????????????????????????????????? | | ?????????????????????????????????????????????????? | | ?????????????????????????????????????????????????? | | ?????????????????????????????????????????????????? | | ?????????????????????????????????????????????????? | | ?????????????????????????????????????????????????? | | ?????????????????????????????????????????????????? | +----------------------------------------------------+ Best States ------------- Heat Dissipation 50 Energy Generation 18 Energy Capacity 250 Matter Stores 300 Matter Capacity 300 Sight Range 16 Robot Scan Range 15 Terrain Scan Density 110 Additional Mass Support 9 Armor Coverage 150 Evasion (%) 55 Offensive Hacking 10 Item Schematics ----------------- Sml. Storage Unit | -10/Mines | Hacked Machine Analyzer | -8/Materials | Hacked Robot Schematics ------------------ None Fabricated ------------ Nothing Alien Tech Used ----------------- None Achievements -------------- None Challenges ------------ None Game ------ Seed WeightNodeLauncher Manual? 0 Play Time 00:22:52 Cumulative 186.9 hours Start 2022.04.24 @ 00:33:04 End 2022.04.24 @ 00:54:55 Sessions 1 Manual Loads 0 Difficulty Rogue Special Mode None Game No. 136 Rogue 113 Adventurer 6 Explorer 17 Win Type - Total 13 Types 7/0/2/1/0/1/1/1/0 Lore% 90 Gallery% 89 Achievement% 67 Wizard Run 0 Options --------- ASCII 0 Keyboard 0 Movement Numpad Keybinds 0 Fullscreen 1 Font 12/Fuzzy Map View 83x54 Tactical HUD 1 Map Filters NONE Filters NONE Steam 1 RUN: f343465e-bbb6-4c52-8113-28bbcaf54ebd